 Dungeon Crawl Stone Soup version 0.28.0-45-g0d030f2227 (webtiles) character file.

Game seed: 4716215335822937183

172 pkoi the Ruffian (level 5, -4/45 HPs)
             Began as a Demigod Gladiator on Apr 4, 2022.
             Slain by an ogre
             ... wielding a +0 giant club
              (23 damage)
             ... on level 4 of the Dungeon on Apr 5, 2022.
             The game lasted 00:04:01 (3026 turns).

pkoi the Ruffian (Demigod Gladiator)                Turns: 3026, Time: 00:04:02

Health: -4/45      AC:  9    Str: 19    XL:     5   Next: 5%
Magic:  0/7        EV: 15    Int: 10    God:
Gold:   155        SH:  0    Dex: 15    Spells: 4/4 levels left

rFire   . . .      SeeInvis .     - Unarmed
rCold   . . .      Faith    .   (no shield)
rNeg    . . .      Spirit   +   p - +3 ring mail
rPois   .          Reflect  .   b - +0 helmet
rElec   .          Harm     .   (no cloak)
rCorr   +          Rampage  .   (no gloves)
Will    .....                   (no boots)
Stlth   +.........              n - amulet of guardian spirit
HPRegen 0.15/turn               d - +4 ring of evasion
MPRegen 0.10/turn               f - ring of resist corrosion

@: no status effects
A: high MP 1, forlorn, divine attributes
a: no special abilities


You were on level 4 of the Dungeon.
You visited 1 branch of the dungeon, and saw 4 of its levels.

You collected 155 gold pieces.

Inventory:

Hand Weapons
 g - a +0 short sword
 l - a +0 dagger of freezing
Missiles
 c - 3 throwing nets (quivered)
Armour
 a - a +0 leather armour
 b - a +0 helmet (worn)
 e - a +0 plate armour
 i - a +2 leather armour of positive energy
 p - a +3 ring mail (worn)
Jewellery
 d - a +4 ring of evasion (left hand)
 f - a ring of resist corrosion (right hand)
 n - an amulet of guardian spirit (around neck)
Scrolls
 m - 2 scrolls of teleportation
Potions
 h - a potion of curing
 j - 2 potions of flight
 k - a potion of ambrosia
 o - a potion of might {unknown}


   Skills:
 - Level 3.0 Fighting
 - Level 1.7 Throwing
 + Level 0.0 Armour
 + Level 2.7 Dodging
 * Level 4.9 Unarmed Combat


You had 4 spell levels left.
You didn't know any spells.
Your spell library was empty.

Dungeon Overview and Level Annotations

Branches:
Dungeon (4/15)
 Temple: D:4-7

Annotations:
D:3 Sigmund


Innate Abilities, Weirdness & Mutations

You have an increased reservoir of magic. (+10% MP)
You shall have no god before yourself.
Your divine heritage dramatically boosts your attributes as you level up.


Message History

The ogre is heavily wounded.
The hobgoblin hits you. The ogre closely misses you.
You hit the ogre.
The ogre is heavily wounded.
The hobgoblin hits you but does no damage.
The ogre hits you with a +0 giant club.
You closely miss the ogre.
The ogre is heavily wounded.
The hobgoblin hits you but does no damage.
You hit the ogre but do no damage.
The ogre is heavily wounded.
The ogre barely misses you.
The hobgoblin hits you but does no damage.
Unknown command.
You closely miss the hobgoblin.
The hobgoblin hits you but does no damage.
You closely miss the hobgoblin.
The hobgoblin hits you but does no damage.
You hit the hobgoblin.
The hobgoblin is moderately wounded.
The hobgoblin barely misses you.
You hit the hobgoblin but do no damage.
The hobgoblin is moderately wounded.
The hobgoblin barely misses you.
You hit the hobgoblin but do no damage.
The hobgoblin is moderately wounded.
You punch the hobgoblin!
You kill the hobgoblin!
The ogre hits you with a +0 giant club!
* * * LOW HITPOINT WARNING * * *
You see here a hobgoblin corpse.
You hit the ogre.
The ogre is heavily wounded.
The ogre hits you with a +0 giant club!
* * * LOW HITPOINT WARNING * * *
You hit the ogre.
The ogre is severely wounded.
The ogre hits you with a +0 giant club!!
Ouch! That really hurt!
You die...

.P....# #.#..##..##.##.# _...#.#
#.#............######## .P..#.#
#.#..##..##...........## ....#.#
##.......................
...##.#*#...####..####.._..####..
.......,..(......................
.#.##..,.......#...(....######.##
.#.*###*######.#O######## #.#
.#.* #.#@# #.# ,,,* #.#.# #.##
*,,* #.#.# #... ,,** #.#.#
#######.## ,** #.#.# #.......# ,*
********,#.## #.#######
,******,,,,,,,,#..# ##.##
,,,,,,,,*******##.# ##...##
*****,*** #.####.....#####


You could see an ogre.

Vanquished Creatures
  An orc wizard (D:4)
  4 gnolls
  2 adders
  A worm (D:4)
  3 dart slugs
  7 orcs (D:4)
  10 ball pythons
  5 endoplasms
  3 giant cockroaches
  5 goblins
  7 hobgoblins
  6 kobolds
  4 quokkas
  6 bats
  2 frilled lizards (D:3)
  6 rats
72 creatures vanquished.

Notes
Turn   | Place    | Note
-------+----------+-------------------------------------------
     0 | D:1      | pkoi the Demigod Gladiator began the quest for the Orb.
     0 | D:1      | Reached XP level 1. HP: 17/17 MP: 3/3
   280 | D:1      | Reached skill level 3 in Unarmed Combat
   445 | D:1      | Reached XP level 2. HP: 24/24 MP: 4/4
  1092 | D:2      | Reached XP level 3. HP: 29/29 MP: 5/5
  1226 | D:2      | Reached skill level 4 in Unarmed Combat
  1230 | D:2      | Identified the +4 ring mail of Miracles {Rampage *Corrode
                  | rC++ Dex+4}
  1631 | D:2      | Reached XP level 4. HP: 37/37 MP: 6/6
  2216 | D:3      | Noticed Sigmund
  2318 | D:4      | Noticed an ogre
  2673 | D:4      | Reached XP level 5. HP: 25/44 MP: 7/7
  3026 | D:4      | Slain by an ogre

Illustrated notes

Levels and vault maps discovered:
D:1:      minmay_arrival_solitary_statue, layout_basic,
          hellmonk_ecumenical_altar_heavens_door
D:2:      layout_rooms, minmay_indecisive_spiral
D:3:      layout_rooms, uniq_sigmund
D:4:      cheibrodos_greedy_goblins, layout_loops_ring,
          mainiacjoe_overflow_boulevard, yredelemnul_altar_generic

Skill      XL: |  1  2  3  4  5 |
---------------+----------------+-----
Unarmed Combat | 3 4 |  4.9
Fighting       | 2 3 |  3.0
Throwing       | |  1.7
Dodging        | |  2.7

Action                   |  1- 3 |  4- 6 || total
-------------------------+-------+-------++-------
Melee: Unarmed           |   133 |   150 ||   283
       Punch             |     4 |     3 ||     7
  Use: Scroll            |     3 |     7 ||    10
 Stab: Sleeping          |       |     2 ||     2
Armor: Leather armour    |    42 |    21 ||    63
       Ring mail         |       |    10 ||    10
Dodge: Dodged            |   111 |    66 ||   177
